 Dungeon Crawl Stone Soup version 0.21-a0-517-gd76cfe0 (webtiles) character file.

23 slep the Skirmisher (level 2, -1/25 HPs)
             Began as a Barachi Monk on Dec 4, 2017.
             Slain by a scorpion (7 damage)
             ... on level 2 of the Dungeon.
             The game lasted 00:01:58 (823 turns).

slep the Skirmisher (Barachi Monk)                   Turns: 823, Time: 00:01:59

Health: -1/25      AC:  3    Str: 12    XL:     2   Next: 95%
Magic:  2/2        EV: 13    Int: 10    God:
Gold:   86         SH:  0    Dex: 14    Spells: 1/1 levels left

rFire    . . .     SeeInvis .   g - +0 mace (curse)
rCold    . . .     Gourm    .   (no shield)
rNeg     . . .     Faith    .   l - +0 leather armour
rPois    .         Spirit   .   (no helmet)
rElec    .         Reflect  .   (no cloak)
rCorr    .         Harm     .   (no gloves)
MR       .....                  (no boots)
Stlth    ++........             (no amulet)
HPRegen  0.08/turn              (no ring)
MPRegen  0.08/turn              (no ring)

@: lethally poisoned (-1 -> -8), slow
A: +LOS, swims, slowness 1, strong legs 1
a: Hop


You were on level 2 of the Dungeon.
You were not hungry.

You visited 1 branch of the dungeon, and saw 2 of its levels.

You collected 86 gold pieces.

Inventory:

Hand Weapons
 a - a +0 hand axe
 g - a cursed +0 mace (weapon)
Armour
 b - a +0 robe
 l - a +0 leather armour (worn)
Scrolls
 d - 2 scrolls of identify {unknown}
 h - a scroll of immolation {unknown}
 j - a scroll of amnesia {unknown}
 m - a scroll of teleportation {unknown}
Potions
 e - a potion of heal wounds
 f - a potion of mutation {unknown}
 i - a potion of resistance {unknown}
Comestibles
 c - 2 bread rations
 k - 4 fruits


   Skills:
 + Level 3.9 Fighting
 + Level 3.8 Axes
 + Level 0.3(2.3) Maces & Flails
 + Level 3.5 Dodging
 + Level 1.9 Stealth


You had one spell level left.
You didn't know any spells.

Dungeon Overview and Level Annotations

Branches:
Dungeon (2/15)

Altars:


Innate Abilities, Weirdness & Mutations

Shadows flee at your approach. (+LOS)
You can swim through water.
You cover ground slowly.
You can hop short distances.


Message History

a dagger of protection; a kobold corpse
Found 11 gold pieces.
Found a stone staircase leading up.
Found a stone staircase leading down.
You hit the scorpion but do no damage. The scorpion stings you.
You are poisoned.
The scorpion poisons you!
You hit the scorpion but do no damage.
You feel sick. The scorpion stings you. The scorpion barely misses you.
You hit the scorpion.
The scorpion is moderately wounded.
You feel sick. The scorpion misses you.
You barely miss the scorpion.
The scorpion is moderately wounded.
You feel sick. The scorpion misses you.
You hit the scorpion.
The scorpion is moderately wounded.
The scorpion stings you!
* * * LOW HITPOINT WARNING * * *
The scorpion stings you!
You die...

### #.... <. #$..#
..#...# .# .#...#+ ##
#.###.....###.#
.....[........###
.......8.........
...............#
#...@s# #....
+#...#..# #... #...#
..# #... #..)## >#
#..#+#
#....######..#.#
#.##.#.#.##..#.#
#.##...#.##..#.#
...#............#.#
#......(.#.##.##.#....


You could see a scorpion.

Vanquished Creatures
  A dart slug (D:1)
  A leopard gecko (D:1)
  2 giant cockroaches
  3 goblins
  2 hobgoblins (D:1)
  4 jackals (D:1)
  A bat (D:2)
  2 frilled lizards (D:1)
  2 kobolds
18 creatures vanquished.

Notes
Turn   | Place    | Note
-------+----------+-------------------------------------------
     0 | D:1      | slep the Barachi Monk began the quest for the Orb.
     0 | D:1      | Reached XP level 1. HP: 18/18 MP: 1/1
    97 | D:1      | Reached XP level 2. HP: 16/25 MP: 2/2
   805 | D:2      | Noticed a scorpion
   823 | D:2      | Slain by a scorpion

Vault maps used:
D:1:      dpeg_arrival_lava_temple_mockup
D:2:      grunt_ministairs_6

Action                   || total
-------------------------++-------
Melee: Hand axe          ||    24
       Mace              ||    50
  Use: Potion            ||     1
 Stab: Sleeping          ||     3
Armor: Robe              ||     5
       Leather armour    ||    10
Dodge: Dodged            ||    52

Table legend:
 A = Spawn XP
 B = Non-spawn XP
 C = Spawn XP percentage of total XP
 D = Spawn monster count
 E = Non-spawn monster count
 F = Spawn count percentage of total count
 G = Total turns spent on level
                    A         B        C        D         E        F      G
               +---------+---------+-------+---------+---------+-------+---------
         Total |       0 |      33 |   0.0 |       0 |      18 |   0.0 |   823
               +---------+---------+-------+---------+---------+-------+---------
           D:1 |       0 |      28 |   0.0 |       0 |      14 |   0.0 |   727
           D:2 |       0 |       5 |   0.0 |       0 |       4 |   0.0 |    96
               +---------+---------+-------+---------+---------+-------+---------
